 Dungeon Crawl Stone Soup version 0.27.1 (webtiles) character file.

Game seed: 13172574136161371547

8 soylentgreeen202 the Firebug (level 2, -1/19 HPs)
             Began as a Human Fire Elementalist on Sept 1, 2021.
             Slain by a jackal (2 damage)
             ... on level 1 of the Dungeon.
             The game lasted 00:07:00 (610 turns).

soylentgreeen202 the Firebug (HuFE)                  Turns: 610, Time: 00:07:01

Health: -1/19      AC:  2    Str:  8    XL:     2   Next: 15%
Magic:  0/5        EV: 12    Int: 15    God:
Gold:   20         SH:  0    Dex: 13    Spells: 4/5 levels left

rFire    . . .     SeeInvis .   (no weapon)
rCold    . . .     Faith    .   (no shield)
rNeg     . . .     Spirit   .   a - +0 robe
rPois    .         Reflect  .   (no helmet)
rElec    .         Harm     .   (no cloak)
rCorr    .         Rampage  .   (no gloves)
Will     .....                  (no boots)
Stlth    ++........             (no amulet)
HPRegen  0.06/turn              (no ring)
MPRegen  0.09/turn              (no ring)

@: no status effects
A: no striking features
a: no special abilities


You were on level 1 of the Dungeon.
You visited 1 branch of the dungeon, and saw 1 of its levels.

You collected 20 gold pieces.

Inventory:

Armour
 a - a +0 robe (worn)


   Skills:
 + Level 2.0 Dodging
 + Level 2.1 Stealth
 + Level 2.0 Spellcasting
 + Level 1.0 Conjurations
 + Level 3.4 Fire Magic


You had 4 spell levels left.
You knew the following spells:

 Your Spells              Type           Power      Damage    Failure   Level
a - Foxfire               Conj/Fire      32%        2x1d5     9%          1

Your spell library contained the following spells:

 Spells                   Type           Power      Damage    Failure   Level
 Conjure Flame            Conj/Fire      8%         6-21      26%         3
 Inner Flame              Hex/Fire       6%         N/A       32%         3
 Sticky Flame             Conj/Fire      8%         2d3       65%         4
 Fireball                 Conj/Fire      4%         3d4       94%         5


Dungeon Overview and Level Annotations

Branches:
Dungeon (1/15)

Altars:


Message History

The endoplasm is heavily wounded.
The foxfire hits the jackal but does no damage.
The jackal is moderately wounded.
The foxfire hits the jackal.
The jackal is heavily wounded.
The endoplasm freezes you.
You are frozen.
The jackal barely misses you. The jackal bites you.
* * * LOW HITPOINT WARNING * * *
The jackal closely misses you.
The endoplasm hits you but does no damage.
Casting: Foxfire (safe; 9% risk of failure)
Confirm with . or Enter, or press ? or * to list all spells.
You miscast Foxfire.
You are very lightly contaminated with residual magic.
Nothing appears to happen.
The endoplasm completely misses you.
Your magical contamination has completely faded away.
There is a staircase leading out of the dungeon here.
Casting: Foxfire (safe; 9% risk of failure)
Confirm with . or Enter, or press ? or * to list all spells.
You conjure some foxfire!
The foxfire hits the jackal.
The jackal is severely wounded.
You closely miss the jackal.
The jackal is severely wounded.
The foxfire hits the endoplasm.
The endoplasm is severely wounded.
You hit the jackal.
The jackal is almost dead.
The jackal bites you.
* * * LOW HITPOINT WARNING * * *
You closely miss the jackal.
The jackal is almost dead.
The jackal bites you.
* * * LOW HITPOINT WARNING * * *
The jackal bites you.
* * * LOW HITPOINT WARNING * * *
You hit the jackal but do no damage.
The jackal is almost dead.
The jackal bites you.
You die...

###
≈≈≈.###.#.#.≈######
..≈...#.#.#.≈#
########.≈≈≈.#.#.#.≈#
...........≈...#.#§§#
###.≈≈≈≈§.≈≈≈.#...≈#
#)§§§...≈...§.#.≈≈§#
#.§§§)≈.≈≈≈.≈.#.≈.##
...§§§.≈.....≈...§.#
.≈≈≈§§≈§.@.≈§≈.≈≈≈.#
.≈..§§§..h.§J..≈.§.#
§≈§#.≈.≈≈≈.≈.≈§≈.###
§§.#.≈...≈...§...# .
#.≈≈≈.≈≈≈≈≈.###
#...≈........... ...
#.#.≈§§§######## #(.
#.#..§≈.. #.. #
###.≈≈§ #..


You could see an endoplasm and a jackal.

Vanquished Creatures
  A dart slug (D:1)
  A ball python (D:1)
  A goblin (D:1)
  A jackal (D:1)
  A frilled lizard (D:1)
  A kobold (D:1)
6 creatures vanquished.

Vanquished Creatures (others)
  21 foxfires (D:1)
21 creatures vanquished.

Grand Total: 27 creatures vanquished

Notes
Turn   | Place    | Note
-------+----------+-------------------------------------------
     0 | D:1      | soylentgreeen202 the Human Fire Elementalist began the
                  | quest for the Orb.
     0 | D:1      | Reached XP level 1. HP: 13/13 MP: 3/3
   513 | D:1      | Found a faded altar of an unknown god.
   519 | D:1      | Reached XP level 2. HP: 19/19 MP: 1/5
   610 | D:1      | Slain by a jackal

Illustrated notes

Levels and vault maps discovered:
D:1:      psy_arrival_radial02, layout_loops_ring, ebering_ecumenical_altar_box

Action                   || total
-------------------------++-------
Melee: Unarmed           ||     8
 Cast: Foxfire           ||    17
  Use: Scroll            ||     2
Armor: Robe              ||     5
Dodge: Dodged            ||    19
